 Dungeon Crawl Stone Soup version 0.31-a0-675-g238779eb0a (webtiles) character file.

Game seed: 7366317290276324675

169 qw the Shooter (level 5, 0/32 HPs)
             Began as a Gargoyle Hunter on Sept 5, 2023.
             Was an Initiate of Okawaru.
             Slain by Eustachio
             ... wielding a +3 falchion of freezing
              (4 damage)
             ... on level 4 of the Dungeon.
             The game lasted 00:01:02 (3018 turns).

qw the Shooter (Gargoyle Hunter)                    Turns: 3018, Time: 00:01:03

Health: 0/32       AC:  0    Str: 15    XL:     5   Next: 50%
Magic:  5/5        EV: 14    Int:  9    God:    Okawaru [......]
Gold:   995        SH:  0    Dex: 15    Spells: 4/4 levels left

rFire   . . .        i - melded +8 longbow "Zephyr" {speed, Dex+3 SInv}
rCold   . . .        (shield currently unavailable)
rNeg    + . .        c - melded +0 leather armour
rPois   inf          (helmet currently unavailable)
rElec   .            f - melded +0 cloak
rCorr   .            k - melded +0 pair of gloves of the Orange {Dex+6}
SInv    .            (boots currently unavailable)
Will    .....        (no amulet)
Stlth   ++           h - melded +4 ring of protection
HPRegen 0.25/turn    d - melded +5 ring of evasion
MPRegen 0.09/turn

%: no passive effects
@: pig-form (expiring), very quick
A: fast, no casting, sickness immunity, AC +4, small, negative energy resistance
1, (electricity resistance), torment resistance 1, petrification resistance
a: Renounce Religion


You were on level 4 of the Dungeon.
You worshipped Okawaru.
Okawaru was noncommittal.
You were a filthy swine.
You visited 1 branch of the dungeon, and saw 4 of its levels.

You collected 995 gold pieces.


Innate Abilities, Weirdness & Mutations

You are a filthy swine.
You move quickly.
Your equipment is almost entirely melded.
You are incapable of wielding weapons or throwing items.
You cannot cast spells.
You are immune to sickness and miasma.
((Your stone body is resilient. (AC +4)))
You are immune to poison.
You resist negative energy. (rN+)
((You are resistant to electric shocks. (rElec)))
You are resistant to unholy torment.
You are immune to petrification.


   Skills:
 + Level 3.4 Fighting
 - Level 6.0 Ranged Weapons
 - Level 1.0 Armour
 - Level 1.5 Dodging
 - Level 1.1 Stealth


You had 4 spell levels left.
You didn't know any spells.
Your spell library was empty.

Inventory:

Hand Weapons
 i - the +8 longbow "Zephyr" (melded) {speed, Dex+3 SInv}
   (You acquired it on level 3 of the Dungeon)

   Dex+3:     It affects your dexterity (+3).
   SInv:      It lets you see invisible.
Armour
 c - a +0 leather armour (melded)
 f - a +0 cloak (melded)
 k - the +0 pair of gloves of the Orange (melded) {Dex+6}
   (You acquired it on level 3 of the Dungeon)

   Dex+6:     It affects your dexterity (+6).
Jewellery
 d - a +5 ring of evasion (melded)
 h - a +4 ring of protection (melded)
Scrolls
 g - 2 scrolls of identify
Potions
 a - a potion of mutation
 e - a potion of enlightenment

Dungeon Overview and Level Annotations

Branches:
Dungeon (4/15)
 Temple: D:4-7

Altars:
Fedhas
Okawaru

Annotations:
D:3 1 runed translucent door, Crazy Yiuf
D:4 Eustachio


Message History

The ufetubus is moderately wounded.
The ufetubus barely misses you. The ufetubus closely misses you.
Eustachio casts a spell.
The ufetubus closely misses you. The ufetubus misses you.
You barely miss the ufetubus.
The ufetubus is moderately wounded.
The crimson imp blinks!
The ufetubus closely misses you. The ufetubus misses you.
You hit the ufetubus.
The ufetubus is heavily wounded.
Your transformation is almost over.
The ufetubus closely misses you. The ufetubus hits you.
You hit the ufetubus.
The ufetubus is almost dead.
The ufetubus completely misses you. The ufetubus hits you.
The crimson imp blinks!
The ufetubus hits you. The ufetubus barely misses you.
You hit the ufetubus but do no damage.
The ufetubus is almost dead.
The ufetubus misses you. The ufetubus completely misses you.
You hit the ufetubus.
You kill the ufetubus!
The ufetubus disappears in a puff of smoke!
Eustachio casts a spell.
Eustachio blinks!
You hit Eustachio.
Eustachio is severely wounded.
You barely miss Eustachio.
Eustachio is severely wounded.
Eustachio completely misses you.
3017 |||
Found retreat position at -1,0 (Eustachio; stone_stairs_up_ii) with 0 blocking monsters and 1 monsters attacking at destination at distance 1 You closely miss Eustachio.
Eustachio is severely wounded.
Eustachio misses you. The quokka bites you.
3018 |||
Found retreat position at -1,0 (Eustachio; stone_stairs_up_ii) with 0 blocking monsters and 1 monsters attacking at destination at distance 1 You barely miss Eustachio.
Eustachio is severely wounded.
Eustachio hits you with a +3 falchion of freezing!
Eustachio freezes you.
You die...
Eustachio twirls his moustache.

.########
.....@..#
#####5#
#@hrr.#
#######


You could see Eustachio, a crimson imp (summoned), a quokka (summoned) and a rat
(summoned).

Vanquished Creatures
  An iguana (D:3)
  Terence (D:3)
  4 gnolls (D:2)
  An adder (D:3)
  2 worms
  2 dart slugs
  2 orcs (D:3)
  8 endoplasms
  3 giant cockroaches
  9 goblins
  4 hobgoblins
  2 jackals (D:1)
  7 kobolds
  5 quokkas
  4 ball pythons
  2 frilled lizards
  2 rats
59 creatures vanquished.

Notes
Turn   | Place    | Note
-------+----------+-------------------------------------------
     0 | D:1      | qw the Gargoyle Hunter began the quest for the Orb.
     0 | D:1      | Reached XP level 1. HP: 12/12 MP: 1/1
     0 | D:1      | 0 ||| qw: Version: 0.3-a-75-g829b12e
     0 | D:1      | 0 ||| qw: Game counter: 175
     0 | D:1      | 0 ||| qw: Melee chars always use a shield: true
     0 | D:1      | 0 ||| qw: God list: Okawaru
     0 | D:1      | 0 ||| qw: Allow faded altars: false
     0 | D:1      | 0 ||| qw: Do Orc after clearing Dungeon:15 true
     0 | D:1      | 0 ||| qw: Do second Lair branch before Depths: true
     0 | D:1      | 0 ||| qw: Lair rune preference: random
     0 | D:1      | 0 ||| qw: Goals: Normal
     0 | D:1      | 0 ||| PLANNING D:1-11
   109 | D:1      | Reached XP level 2. HP: 17/17 MP: 2/2
   651 | D:1      | Reached XP level 3. HP: 21/21 MP: 3/3
   667 | D:1      | Reached skill level 5 in Ranged Weapons
   734 | D:1      | 734 ||| UPGRADING to +0 cloak.
   739 | D:1      | 739 ||| UPGRADING to +0 pair of gloves.
   744 | D:1      | 744 ||| READING 2 scrolls labelled IMAISACUOM.
  1043 | D:1      | 1043 ||| READING 2 scrolls labelled YFICLE WOIZISU.
  1044 | D:1      | 1044 ||| DROPPING scroll of butterflies.
  1103 | D:2      | Found a faded altar of an unknown god.
  1657 | D:2      | Reached skill level 3 in Fighting
  1664 | D:2      | 1664 ||| Stepping ~*~*~tactically~*~*~ (retreating).
  1668 | D:2      | Reached skill level 1 in Armour
  1668 | D:2      | Reached XP level 4. HP: 19/28 MP: 4/4
  1670 | D:2      | HP: 6/28 [gnoll/+0 club (5)]
  1671 | D:2      | 1671 ||| READING scroll of teleportation.
  1672 | D:2      | HP: 2/28 [gnoll/+0 club (1)]
  1967 | D:2      | 1967 ||| READING scroll labelled UMIROU ZIDYK.
  1968 | D:2      | 1968 ||| READING scroll labelled GIEPOOMOAR.
  1969 | D:2      | 1969 ||| READING scroll labelled UCUHYPTEE LAKK.
  1970 | D:2      | 1970 ||| READING 2 scrolls of identify.
  1970 | D:2      | 1970 ||| IDENTIFYING grey potion
  1971 | D:2      | 1971 ||| DROPPING potion of attraction.
  2061 | D:3      | Reached XP level 5. HP: 26/32 MP: 5/5
  2084 | D:3      | Found a blossoming altar of Fedhas.
  2261 | D:3      | Noticed Terence
  2278 | D:3      | Killed Terence
  2279 | D:3      | Reached skill level 6 in Ranged Weapons
  2288 | D:3      | 2288 ||| FLEEEEING.
  2289 | D:3      | 2289 ||| FLEEEEING.
  2290 | D:3      | 2290 ||| FLEEEEING.
  2291 | D:3      | 2291 ||| FLEEEEING.
  2292 | D:3      | 2292 ||| FLEEEEING.
  2293 | D:3      | 2293 ||| FLEEEEING.
  2294 | D:3      | 2294 ||| FLEEEEING.
  2299 | D:3      | 2299 ||| FLEEEEING.
  2300 | D:3      | 2300 ||| FLEEEEING.
  2301 | D:3      | 2301 ||| FLEEEEING.
  2317 | D:3      | 2317 ||| FLEEEEING.
  2489 | D:3      | Found an iron altar of Okawaru.
  2490 | D:3      | 2490 ||| PLANNING OKAWARU WORSHIP
  2490 | D:3      | 2490 ||| DROPPING amulet of magic regeneration.
  2491 | D:3      | 2491 ||| READING scroll labelled ILATOICKORY.
  2492 | D:3      | 2492 ||| READING 3 scrolls labelled ORGHELO HAHEARHAMNI.
  2492 | D:3      | Identified 3 scrolls of acquirement
  2492 | D:3      | 2492 ||| ACQUIRING +8 longbow "Zephyr" {speed, Dex+3 SInv}
  2492 | D:3      | Acquired the +8 longbow "Zephyr" {speed, Dex+3 SInv}
  2492 | D:3      | Found the +8 longbow "Zephyr" {speed, Dex+3 SInv}
  2493 | D:3      | 2493 ||| READING 2 scrolls of acquirement.
  2493 | D:3      | 2493 ||| ACQUIRING +5 ring of evasion
  2493 | D:3      | Acquired a +5 ring of evasion
  2494 | D:3      | 2494 ||| READING scroll of acquirement.
  2494 | D:3      | 2494 ||| ACQUIRING ring "Pumnimaf" {rN+ Int+2}
  2494 | D:3      | Acquired the ring "Pumnimaf" {rN+ Int+2}
  2495 | D:3      | 2495 ||| READING 4 scrolls of identify.
  2495 | D:3      | 2495 ||| IDENTIFYING white potion
  2496 | D:3      | 2496 ||| READING 3 scrolls of identify.
  2496 | D:3      | 2496 ||| IDENTIFYING golden potion
  2500 | D:3      | Became a worshipper of Warmaster Okawaru
  2501 | D:3      | 2501 ||| PLANNING D:1-11
  2505 | D:3      | 2505 ||| SWAPPING to +8 longbow "Zephyr" {speed, Dex+3
                  | SInv}.
  2506 | D:3      | 2506 ||| DROPPING +0 shortbow.
  2667 | D:3      | 2667 ||| READING 3 scrolls of acquirement.
  2667 | D:3      | 2667 ||| ACQUIRING +0 pair of gloves of the Orange {Dex+6}
  2667 | D:3      | Acquired the +0 pair of gloves of the Orange {Dex+6}
  2669 | D:3      | 2669 ||| UPGRADING to +0 pair of gloves of the Orange
                  | {Dex+6}.
  2679 | D:3      | 2679 ||| DROPPING +0 pair of gloves.
  2680 | D:3      | 2680 ||| READING 2 scrolls of acquirement.
  2680 | D:3      | 2680 ||| ACQUIRING +4 ring of protection
  2680 | D:3      | Acquired a +4 ring of protection
  2681 | D:3      | 2681 ||| UPGRADING to ring "Pumnimaf" {rN+ Int+2}.
  2682 | D:3      | 2682 ||| READING scroll of acquirement.
  2682 | D:3      | 2682 ||| ACQUIRING 857 gold pieces
  2682 | D:3      | Acquired 857 gold pieces
  2867 | D:3      | Found a runed translucent door.
  2868 | D:3      | Noticed Crazy Yiuf
  2938 | D:3      | 2938 ||| UPGRADING to +5 ring of evasion.
  2939 | D:3      | 2939 ||| UPGRADING to +4 ring of protection.
  2941 | D:3      | 2941 ||| DROPPING ring "Pumnimaf" {rN+ Int+2}.
  2992 | D:4      | 2992 ||| PLANNING OSSUARY
  2996 | D:4      | Noticed Eustachio
  3002 | D:4      | 3002 ||| FLEEEEING.
  3005 | D:4      | 3005 ||| FLEEEEING.
  3018 | D:4      | HP: 4/32 [Eustachio/+3 falchion of freezing (13)]
  3018 | D:4      | Slain by Eustachio

Levels and vault maps discovered:
D:1:      minmay_arrival_split_and_join, layout_rooms, serial_co_window_serial,
          co_window_paths_a, co_window_paths_a, co_window_of_opportunity_a,
          co_window_paths_b, co_window_paths_b, co_window_corner_a,
          co_window_unsneaky_path_a, co_window_unsneaky_path_c,
          co_window_broadway_b, co_window_cross_4, co_window_broadway_c,
          co_window_unsneaky_path_b, glass_columns_b
D:2:      layout_loops_corners, chequers_ecumenical_altar_island,
          kennysheep_big_empty_room
D:3:      layout_loops_ring, fedhas_altar_1, okawaru_metal_pillars_1_2,
          nrook_loot_triangle, uniq_terence, uniq_crazy_yiuf_cottage
D:4:      layout_basic, kennysheep_mini, vehumet_crystals,
          minmay_temple_entry_glassed_door, nicolae_ossuary_entry_ruins,
          minmay_fire_ice_demons, uniq_pikel, uniq_eustachio, uniq_menkaure

Skill      XL: |  1  2  3  4  5 |
---------------+----------------+-----
Ranged Weapons | 5 6 |  6.0
Fighting       | 3 |  3.4
Armour         | 1 |  1.0
Dodging        | |  1.5
Stealth        | |  1.1

Action                     |  1- 3 |  4- 6 || total
---------------------------+-------+-------++-------
  Melee: Unarmed           |       |    12 ||    12
   Fire: Shortbow          |    96 |    83 ||   179
         Longbow           |       |    10 ||    10
    Use: Scroll            |     2 |    14 ||    16
 Armour: Leather armour    |    12 |    39 ||    51
         Skin              |       |     6 ||     6
  Dodge: Dodged            |    13 |    36 ||    49

Table legend:
 A = Non-vault XP
 B = Vault XP
 C = Vault XP percentage of total XP
 D = Non-vault monster count
 E = Vault monster count
 F = Vault count percentage of total count
                 A         B        C        D         E       F
            +---------+---------+-------+---------+---------+-------
      Total |     212 |      30 |  12.4 |      58 |       1 |   1.7
            +---------+---------+-------+---------+---------+-------
        D:1 |      48 |       0 |   0.0 |      26 |       0 |   0.0
        D:2 |      79 |       0 |   0.0 |      14 |       0 |   0.0
        D:3 |      85 |      30 |  26.1 |      18 |       1 |   5.3
            +---------+---------+-------+---------+---------+-------
